 Dungeon Crawl Stone Soup version 0.20.0-7-g3b7b877 (webtiles) character file.

37 Firecrotchwizard the Shooter (level 3, -2/30 HPs)
             Began as a Centaur Hunter on May 30, 2017.
             Slain by a hobgoblin
             ... wielding a +0 club
              (3 damage)
             ... on level 2 of the Dungeon.
             The game lasted 00:01:53 (1374 turns).

Firecrotchwizard the Shooter (Centaur Hunter)       Turns: 1374, Time: 00:01:53

Health: -2/30      AC:  4    Str: 14    XL:     3   Next: 23%
Magic:  3/3        EV:  9    Int: 11    God:
Gold:   147        SH:  0    Dex:  9    Spells: 2/2 levels left

rFire    . . .     SeeInvis .   b - +0 short sword
rCold    . . .     Gourm    .   (no shield)
rNeg     . . .     Faith    .   c - +0 leather armour
rPois    .         Spirit   .   (no helmet)
rElec    .         Reflect  .   (no cloak)
rCorr    .         Harm     .   (no gloves)
MR       .....                  (no barding)
Stlth    +.........             (no amulet)
Regen    0.1/turn               (no ring)
MPRegen  0.1/turn               (no ring)

@: lethally poisoned (-2 -> -9), very quick
A: hooves 3, deformed body, speed 2, tough skin 3
a: no special abilities


You were on level 2 of the Dungeon.
You were not hungry.

You visited 1 branch of the dungeon, and saw 2 of its levels.

You collected 147 gold pieces.

Inventory:

Hand Weapons
 a - a +1 shortbow
 b - a +0 short sword (weapon)
Missiles
 d - 53 arrows
Armour
 c - a +0 leather armour (worn)
Scrolls
 l - a scroll of remove curse {unknown}
 m - 2 scrolls of identify {unknown}
 n - 2 scrolls of teleportation {unknown}
 p - 2 scrolls of recharging {unknown}
Potions
 e - a potion of lignification {unknown}
 h - a potion of invisibility {unknown}
 i - a potion of mutation {unknown}
 j - a potion of ambrosia {unknown}
 k - a potion of curing {unknown}
 o - a potion of degeneration {unknown}
 q - a potion of berserk rage {unknown}
 r - a potion of flight {unknown}
Comestibles
 f - a bread ration {@e1}
 g - 4 chunks of flesh {@w0}


   Skills:
 + Level 2.3 Fighting
 + Level 5.7 Bows
 + Level 1.8 Dodging
 + Level 1.1 Stealth


You had 2 spell levels left.
You didn't know any spells.

Dungeon Overview and Level Annotations

Branches:
Dungeon (2/15)

Altars:


Innate Abilities, Weirdness & Mutations

You have hooves in place of feet.
Armour fits poorly on your strangely shaped body.
You cover ground very quickly.
You have extremely tough skin. (AC +3)


Message History

You hit the quokka but do no damage. The quokka closely misses you.
You miss the quokka.
The quokka bites you but does no damage.
The quokka twitches its whiskers.
The quokka splashes around in the water.
You miss the quokka. You kick the quokka, but do no damage.
The quokka splashes around in the water.
You hit the quokka. Your kick misses the quokka.
The quokka splashes around in the water.
You closely miss the quokka. Your kick misses the quokka.
The quokka barely misses you.
You barely miss the quokka. You kick the quokka.
You kill the quokka!
No target in view!
Autoeating chunks.
Eating one of 6 chunks of flesh {@w0}.
You eat one of the 6 chunks of flesh {@w0}.
You butcher the hobgoblin corpse.
You hear a splash.
g - 7 chunks of flesh {@w0} (gained 2)
You see here a hobgoblin skeleton. x2
r - a white potion You regained 3 hp, and now have 27/30 hp.
You enter the shallow water.
Moving in this stuff is going to be slow.
You enter the shallow water.
Moving in this stuff is going to be slow.
You open the door.
There is an open door here.
You enter the shallow water.
Moving in this stuff is going to be slow.
You enter the shallow water.
Moving in this stuff is going to be slow.
Some of the chunks of flesh in your inventory have rotted away.
An adder comes into view.
The adder hisses angrily.
Health restored: 30 A hobgoblin comes into view.
It is wielding a club.
The adder bites you.
You take 3 damage, and have 27/30 hp.
You closely miss the adder. You kick the adder, but do no damage.
The adder bites you but does no damage. The adder completely misses you.
You barely miss the adder. The adder bites you.
You are poisoned.
The adder poisons you!
You take 4 damage, and have 23/30 hp.
You closely miss the adder.
You feel sick. The adder bites you.
You take 3 damage, and have 20/30 hp.
You barely miss the adder. The adder barely misses you. The adder bites you.
You are more poisoned.
The adder poisons you!
You take 1 damage, and have 19/30 hp.
You hit the adder.
You feel sick. The adder bites you but does no damage.
The hobgoblin closely misses you.
You take 1 damage, and have 18/30 hp.
You closely miss the adder. Your kick misses the adder.
You feel sick. The adder bites you. The hobgoblin closely misses you.
The adder closely misses you.
You take 2 damage, and have 16/30 hp.
You miss the adder. The adder closely misses you.
The hobgoblin barely misses you.
You closely miss the adder. Your kick misses the adder.
You feel sick. The adder misses you. The hobgoblin barely misses you.
You hit the adder but do no damage. Your kick misses the adder.
The adder bites you.
You are more poisoned.
The adder poisons you!
The hobgoblin hits you but does no damage.
The adder closely misses you.
You take 1 damage, and have 15/30 hp.
You closely miss the adder. You kick the adder, but do no damage.
You feel sick. The adder bites you. The hobgoblin completely misses you.
You take 5 damage, and have 10/30 hp.
You hit the adder.
* * * LOW HITPOINT WARNING * * *
You feel sick. The adder bites you but does no damage.
The hobgoblin hits you with a club.
* * * LOW HITPOINT WARNING * * *
The adder bites you.
* * * LOW HITPOINT WARNING * * *
You take 6 damage, and have 4/30 hp.
You miss the adder. Your kick misses the adder.
* * * LOW HITPOINT WARNING * * *
You feel sick. The adder barely misses you.
The hobgoblin hits you but does no damage.
You take 1 damage, and have 3/30 hp.
You miss the adder.
* * * LOW HITPOINT WARNING * * *
You feel sick. The adder closely misses you.
The hobgoblin hits you but does no damage.
The adder closely misses you.
You take 1 damage, and have 2/30 hp.
You closely miss the adder.
* * * LOW HITPOINT WARNING * * *
You feel sick. The adder misses you.
The hobgoblin hits you but does no damage.
You take 1 damage, and have 1/30 hp.
You hit the adder but do no damage. Your kick misses the adder.
The adder bites you but does no damage. The hobgoblin hits you with a club.
You die...

#...##.######..#...# #>##
#...##........####.#########.##
####...........................
#.#.########################
#.#.# ##P...P.# #..P. #.#.#
##.P..P... ##...# #.#.#
##%P..?P≈.P #.#P.# ######...#
#P..g..≈≈≈. ##.#... .........#
#..@S≈≈≈≈≈≈ #..P≈P. ##.#.#.).#
#P.≈#≈≈#≈≈≈ ##..≈≈≈≈ #.#.#...#
#.≈≈# ≈# #.P≈≈≈≈≈
##.###...#####≈≈≈# # ##.≈≈≈≈≈.
.............##≈≈# ##.≈≈#≈≈≈#
.......#.### #≈## #≈≈≈###.##
##.###...# ##.##### #≈...#...#
.#.#.....# ##....###.........
.#.###...# #....'.#.........


You could see an adder and a hobgoblin.

Vanquished Creatures
  An ooze (D:2)
  2 dart slugs
  2 leopard geckos
  3 bats
  A giant cockroach (D:2)
  3 hobgoblins
  2 jackals (D:2)
  A quokka (D:2)
  3 frilled lizards
  6 goblins
  A kobold (D:1)
  A rat (D:1)
26 creatures vanquished.

Notes
Turn   | Place    | Note
-------+----------+-------------------------------------------
     0 | D:1      | Firecrotchwizard the Centaur Hunter began the quest for the Orb.
     0 | D:1      | Reached XP level 1. HP: 17/17 MP: 1/1
   378 | D:1      | Reached XP level 2. HP: 24/24 MP: 2/2
   977 | D:2      | Reached skill level 1 in Stealth
  1031 | D:2      | Reached XP level 3. HP: 26/29 MP: 3/3
  1370 | D:2      | HP: 7/30 [hobgoblin/club (2)]
  1371 | D:2      | HP: 3/30 [poisoned by an adder]
  1373 | D:2      | HP: 1/30 [poisoned by an adder]
  1374 | D:2      | Slain by a hobgoblin

Skill      XL: |  1  2 |
---------------+-------+-----
Stealth        | 1 |  1.1
Fighting       | |  2.3
Bows           | |  5.7
Dodging        | |  1.8

Action                   || total
-------------------------++-------
Melee: Short sword       ||   102
       Kick              ||    21
  Eat: Chunk             ||     1
Armor: Leather armour    ||    26
Dodge: Dodged            ||    57

Vault maps used:
D:1:      eino_arrival_water_star, serial_bayou_lake_a
D:2:      wad_lake_hut, minmay_misc_feat_nine_boxes

Table legend:
 A = Turns spent in this place as a percentage of turns spent in the entire game.
 B = Non-inter-level travel turns spent in this place as a percentage of non-inter-level travel turns spent in the entire game.
 C = Inter-level travel turns spent in this place as a percentage of turns spent in this place.
 D = Turns resting spent in this place as a percentage of non-inter-level travel turns spent in this place.
 E = Turns spent auto-exploring this place as a percentage of non-inter-level travel turns spent in this place.
 F = Non-inter-level travel turns spent in this place divided by the number of levels of this place that you've seen.
                   A       B       C       D       E      F
               +-------+-------+-------+-------+-------+----------------------
         Total | 100.0 | 100.0 |   0.3 |   3.0 |  15.0 | 167.0
       Dungeon | 100.0 | 100.0 |   0.3 |   3.0 |  15.0 | 167.0
               +-------+-------+-------+-------+-------+----------------------

Table legend:
 A = Kills in this place as a percentage of kills in entire the game.
 B = Kills by you in this place as a percentage of kills by you in the entire game.
 C = Kills by friends in this place as a percentage of kills by friends in the entire game.
 D = Other kills in this place as a percentage of other kills in the entire game.
 E = Experience gained in this place as a percentage of experience gained in the entire game.
 F = Experience gained in this place divided by the number of levels of this place that you have seen.
                   A       B       C       D       E      F
               +-------+-------+-------+-------+-------+----------------------
         Total | 100.0 | 100.0 |  -nan |  -nan | 100.0 |  27.0
       Dungeon | 100.0 | 100.0 |  -nan |  -nan | 100.0 |  27.0
               +-------+-------+-------+-------+-------+----------------------
